 Dungeon Crawl Stone Soup version 0.20.1-1-g8b1a95d (webtiles) character file.

5315 vineage the Basher (level 10, -1/77 HPs)
             Began as a Demonspawn Gladiator on Sept 22, 2017.
             Was a Believer of Okawaru.
             Slain by a death yak (12 damage)
             ... on level 8 of the Dungeon.
             The game lasted 00:16:18 (8619 turns).

vineage the Basher (Demonspawn Gladiator)           Turns: 8619, Time: 00:16:18

Health: -1/77      AC: 16    Str: 16    XL:     10   Next: 37%
Magic:  0/10       EV:  9    Int: 10    God:    Okawaru [**....]
Gold:   459        SH:  0    Dex: 16    Spells: 9/9 levels left

rFire    x . .     SeeInvis .   C - +2 whip (flame)
rCold    + + .     Gourm    .   (no shield)
rNeg     . . .     Faith    .   o - +0 chain mail
rPois    +         Spirit   +   s - +0 helmet
rElec    .         Reflect  .   I - +2 cloak
rCorr    .         Harm     .   n - +0 pair of gloves
MR       .....                  (no boots)
Stlth    ..........             (no amulet)
Regen    0.7/turn               i - ring of wizardry
MPRegen  0.3/turn               F - ring of ice

@: very slightly contaminated
A: hooves 1, cold resistance 1, poison resistance, regeneration 1, magic shield,
magic regeneration, rot immunity, subdued magic 1
a: Heroism, Renounce Religion


You were on level 8 of the Dungeon.
You worshipped Okawaru.
Okawaru was pleased with you.
You were hungry.

You visited 2 branches of the dungeon, and saw 10 of its levels.

You collected 543 gold pieces.
You spent 84 gold pieces at shops.

Inventory:

Hand Weapons
 x - a +1 flail of draining
 C - a +2 whip of flaming (weapon)
Missiles
 d - 4 throwing nets (quivered)
Armour
 n - a +0 pair of gloves (worn)
 o - a +0 chain mail (worn)
 s - a +0 helmet (worn)
 I - a +2 cloak (worn)
Jewellery
 a - a +2 ring of slaying {unknown}
 i - a ring of wizardry (left hand)
 F - a ring of ice (right hand)
Wands
 e - a wand of iceblast (4/15)
 g - a wand of disintegration (7/24)
 w - a wand of lightning (8/15)
 y - a wand of polymorph (8/24)
 A - a wand of paralysis (11/24)
 H - a wand of scattershot (3/9)
Scrolls
 c - 2 scrolls of identify
 p - a scroll of enchant weapon
 E - 3 scrolls of magic mapping
 G - a scroll of amnesia
Potions
 j - a potion of cancellation
 l - 3 potions of curing
 q - a potion of resistance
 r - a potion of lignification
 v - a potion of berserk rage
 z - a potion of flight
 B - a potion of brilliance
 D - a potion of agility {unknown}
Books
 u - a book of Geomancy

   Spells                             Type                      Level
   a - Sandblast                      Earth                        1
   b - Passwall                       Transmutation/Earth          2
   c - Stone Arrow                    Conjuration/Earth            3
   d - Petrify                        Transmutation/Earth          4
   e - Lee's Rapid Deconstruction     Earth                        5
Comestibles
 f - 4 bread rations
 h - 4 meat rations
 k - 5 fruits
 m - 4 royal jellies


   Skills:
 + Level 6.5 Fighting
 + Level 10.3 Maces & Flails
 - Level 2.0 Throwing
 + Level 7.2 Armour
 + Level 4.8 Dodging
 + Level 0.3 Invocations


You had 9 spell levels left.
You didn't know any spells.

Dungeon Overview and Level Annotations

Branches:
Dungeon (9/15)             Temple (1/1) D:6            Lair (0/6) D:9
    Orc: D:9-12

Altars:
Ashenzari
Cheibriados
Dithmenos
Elyvilon
Fedhas
Gozag
Hepliaklqana
Kikubaaqudgha
Makhleb
Nemelex Xobeh
Okawaru
Qazlal
Ru
Sif Muna
Trog
Uskayaw
Vehumet
Xom
Yredelemnul
Zin
The Shining One

Shops:
D:4 :[(!!   D:5 [


Innate Abilities, Weirdness & Mutations

You have large cloven feet.
When hurt, damage is shared between your health and your magic reserves.
You regenerate magic rapidly.
You are immune to rotting.
Your flesh is cold resistant. (rC+)
Your system is resistant to poisons. (rPois)
Your natural rate of healing is unusually fast.
Your spells are a little easier to cast, but a little less powerful.


Message History

The death yak gores you but does no damage.
You hit the death yak but do no damage.
The death yak is heavily wounded.
You are feeling hungry.
You whack the death yak! You burn the death yak.
You kick the death yak, but do no damage.
The death yak is severely wounded.
The death yak gores you but does no damage.
You hit the death yak. You burn the death yak.
You kick the death yak, but do no damage.
The death yak is severely wounded.
The death yak gores you!
* * * LOW HITPOINT WARNING * * *
You hit the death yak. You burn the death yak. You kick the death yak.
The death yak is almost dead.
You barely miss the death yak.
You kick the death yak, but do no damage.
The death yak is almost dead.
The death yak gores you!
You die...

########## ## #........# #.
#........# #.
#################........## #.
#.............>@..........#####.
##.###########.Y...............)
#.#.....# ####..........#####
#...###.# #........#'##### #####
#.# #............... #.#
#............... #.#
#............... #.#
##########...... #.# #......


You could see a death yak.

Vanquished Creatures
  The ghost of Thaneod the Arsonist, a novice HOFE (D:7)
  Pikel (D:6)
  A cyclops (D:6)
  2 hippogriffs (D:8)
  Sigmund (D:2)
  Grum (D:8)
  A steam dragon (D:9)
  3 orc warriors
  3 ice beasts
  A phantom (D:6)
  A sky beast (D:7)
  2 centaurs
  2 ogres
  3 wolves (D:8)
  A big kobold (D:7)
  3 bullfrogs
  A gnoll sergeant (D:8)
  2 wyvern skeletons
  A scorpion (D:4)
  3 howler monkeys
  2 crimson imps
  The ghost of Ymberti the Firebug, a weakling DEFE (D:3)
  2 hounds
  A quasit (D:9)
  2 orc wizards (D:6)
  A bullfrog skeleton (D:8)
  3 orc priests
  Crazy Yiuf (D:7)
  2 centaur skeletons
  3 iguanas
  3 worker ants
  Robin (D:2)
  8 gnolls (D:8)
  10 adders
  A worker ant zombie (D:5)
  3 adder skeletons
  9 worms
  7 leopard geckos
  22 orcs
  2 ball pythons
  9 giant cockroaches
  18 hobgoblins
  7 jackals
  11 kobolds
  7 quokkas
  9 bats
  5 frilled lizards
  14 goblins
  3 goblin skeletons (D:9)
  2 goblin zombies (D:9)
  2 kobold skeletons (D:9)
  3 kobold zombies (D:9)
  An orc skeleton (D:9)
  2 orc zombies (D:9)
  9 rats
220 creatures vanquished.

Vanquished Creatures (others)
  A scorpion (D:6)
  A howler monkey (D:6)
  A bullfrog skeleton (D:6)
  A leopard gecko (D:6)
4 creatures vanquished.

Grand Total: 224 creatures vanquished

Notes
Turn   | Place    | Note
-------+----------+-------------------------------------------
     0 | D:1      | vineage the Demonspawn Gladiator began the quest for the Orb.
     0 | D:1      | Reached XP level 1. HP: 16/16 MP: 1/1
   327 | D:1      | Gained mutation: When hurt, damage is shared between your health and your magic reserves. [demonic ancestry]
   327 | D:1      | Reached XP level 2. HP: 18/22 MP: 2/2
   352 | D:1      | Reached skill level 3 in Maces & Flails
   727 | D:1      | Gained mutation: You are immune to rotting. [demonic ancestry]
   727 | D:1      | Reached XP level 3. HP: 26/27 MP: 3/3
  1242 | D:2      | Found an ancient bone altar of Kikubaaqudgha.
  1263 | D:2      | Found a blossoming altar of Fedhas.
  1369 | D:2      | Noticed Sigmund
  1397 | D:2      | Killed Sigmund
  1397 | D:2      | Reached skill level 4 in Maces & Flails
  1397 | D:2      | Reached skill level 1 in Armour
  1397 | D:2      | Reached XP level 4. HP: 29/34 MP: 1/4
  1397 | D:2      | Gained mutation: You regenerate magic rapidly. [demonic ancestry]
  1397 | D:2      | Reached XP level 5. HP: 33/39 MP: 1/5
  1589 | D:2      | Noticed Robin
  1611 | D:2      | Killed Robin
  2065 | D:3      | Reached XP level 6. HP: 46/46 MP: 6/6
  2188 | D:3      | Noticed Ymberti's ghost (weakling DEFE)
  2235 | D:3      | Killed Ymberti's ghost
  2816 | D:3      | Found a faded altar of an unknown god.
  3165 | D:3      | Reached skill level 5 in Maces & Flails
  3198 | D:4      | Gained mutation: You are agile. (Dex +2) [potion of mutation]
  3198 | D:4      | Gained mutation: You are very agile. (Dex +4) [potion of mutation]
  3199 | D:4      | Lost mutation: You are very agile. (Dex +4) [potion of mutation]
  3199 | D:4      | Lost mutation: You are agile. (Dex +2) [potion of mutation]
  3199 | D:4      | Gained mutation: Your system is resistant to poisons. (rPois) [potion of mutation]
  3199 | D:4      | Gained mutation: Your flesh is cold resistant. (rC+) [potion of mutation]
  3199 | D:4      | Gained mutation: Your spells are a little easier to cast, but a little less powerful. [potion of mutation]
  3199 | D:4      | Gained mutation: Your natural rate of healing is unusually fast. [potion of mutation]
  3235 | D:4      | Found Liadez's Distillery.
  3243 | D:4      | Bought a potion of might for 48 gold pieces
  3243 | D:4      | Bought a potion of curing for 36 gold pieces
  3575 | D:4      | Found Xezopim's Weapon Shoppe.
  3751 | D:4      | Found Haismi's Book Shoppe.
  3877 | D:4      | Found Caxuss's Distillery.
  4002 | D:4      | Found Zeulauph's Armour Boutique.
  4036 | D:5      | Entered Level 5 of the Dungeon
  4040 | D:5      | Found an iron altar of Okawaru.
  4069 | D:5      | Found a burning altar of Makhleb.
  4110 | D:5      | Gained mutation: You have large cloven feet. [demonic ancestry]
  4110 | D:5      | Reached XP level 7. HP: 36/52 MP: 2/7
  4218 | D:5      | Found a radiant altar of Vehumet.
  4374 | D:5      | Found a snail-covered altar of Cheibriados.
  4561 | D:5      | Found Uqicec's Armour Emporium.
  4809 | D:6      | Noticed Pikel
  4827 | D:6      | Killed Pikel
  4827 | D:6      | Reached skill level 6 in Maces & Flails
  4827 | D:6      | Reached XP level 8. HP: 60/60 MP: 5/8
  4841 | D:6      | Reached skill level 7 in Maces & Flails
  5045 | D:6      | Found a staircase to the Ecumenical Temple.
  5081 | Temple   | Entered the Ecumenical Temple
  5294 | D:6      | Noticed a cyclops
  5313 | D:6      | Killed a cyclops
  5313 | D:6      | Reached skill level 8 in Maces & Flails
  5313 | D:6      | Reached skill level 5 in Armour
  5313 | D:6      | Reached XP level 9. HP: 43/67 MP: 7/9
  5697 | D:6      | Reached skill level 5 in Fighting
  5982 | D:5      | Became a worshipper of Warmaster Okawaru
  6548 | D:7      | Noticed Thaneod's ghost (novice HOFE)
  6567 | D:7      | Killed Thaneod's ghost
  6567 | D:7      | Reached * piety under Okawaru
  6567 | D:7      | Reached skill level 9 in Maces & Flails
  6775 | D:7      | Found a runed door.
  6779 | D:7      | Noticed Crazy Yiuf
  6786 | D:7      | Killed Crazy Yiuf
  7333 | D:8      | Noticed Grum
  7339 | D:8      | Reached XP level 10. HP: 62/76 MP: 8/10
  7497 | D:8      | Killed Grum
  7535 | D:8      | Reached ** piety under Okawaru
  7575 | D:8      | Reached skill level 10 in Maces & Flails
  8233 | D:9      | Found a glowing golden altar of the Shining One.
  8552 | D:9      | Found a staircase to the Lair.
  8552 | D:9      | Noticed a death yak
  8553 | D:9      | Noticed a death yak
  8553 | D:9      | Noticed a death yak
  8554 | D:9      | Noticed a death yak
  8554 | D:9      | Noticed a death yak
  8557 | D:9      | Noticed a death yak
  8619 | D:8      | Slain by a death yak

Skill      XL: |  1  2  3  4  5  6  7  8  9 10 |
---------------+-------------------------------+-----
Throwing       | 2 |  2.0
Maces & Flails | 3 4 5 6 8 9 10 | 10.3
Dodging        | 3 4 |  4.8
Armour         | 1 2 4 5 6 7 |  7.2
Fighting       | 3 4 5 6 |  6.5
Invocations    | |  0.3

Action                   |  1- 3 |  4- 6 |  7- 9 | 10-12 || total
-------------------------+-------+-------+-------+-------++-------
Melee: Flail             |    91 |   281 |    41 |       ||   413
       Kick              |       |       |   102 |    91 ||   193
       Whip              |       |       |   292 |   293 ||   585
Invok: Heroism           |       |       |       |     1 ||     1
  Use: Scroll            |     3 |     7 |       |    10 ||    20
       Potion            |     2 |     5 |     2 |     3 ||    12
 Stab: Sleeping          |     2 |     1 |       |       ||     3
  Eat: Chunk             |     2 |     8 |    11 |     4 ||    25
Armor: Leather armour    |    35 |    46 |       |       ||    81
       Chain mail        |       |    32 |   139 |   132 ||   303
       Skin              |       |       |    16 |       ||    16
Dodge: Dodged            |    69 |   176 |    79 |   126 ||   450
